 Dungeon Crawl Stone Soup version 0.31.0-32-g396128a36d (webtiles) character file.

Game seed: 8946403371367861108

73 RedEric7 the Sneak (level 4, 0/40 HPs)
             Began as a Draconian Delver on Mar 20, 2024.
             Slain by a hound (3 damage)
             ... on level 5 of the Dungeon.
             The game lasted 00:00:31 (48 turns).

RedEric7 the Sneak (Draconian Delver)                 Turns: 48, Time: 00:00:32

Health: 0/40       AC:  5    Str: 15    XL:     4   Next: 8%
Magic:  1/5        EV: 12    Int: 12    God:
Gold:   0          SH:  0    Dex: 12    Spells: 4/4 levels left

rFire   . . .        a - +0 hand axe
rCold   . . .        (no shield)
rNeg    . . .        (body armour unavailable)
rPois   .            (helmet restricted)
rElec   .            (no cloak)
rCorr   .            (no gloves)
SInv    .            (no boots)
Will    .....        (no amulet)
Stlth   +++          (no ring)
HPRegen 0.26/turn    (no ring)
MPRegen 0.09/turn

%: no passive effects
@: hasted, very quick
A: AC +5, unfitting armour, cold-blooded
a: no special abilities


You were on level 5 of the Dungeon.
You visited 1 branch of the dungeon, and saw 1 of its levels.

Inventory:

Hand Weapons
 a - a +0 hand axe (weapon)
Wands
 f - a wand of digging (3)
Scrolls
 b - a scroll of fog
 d - a scroll of fear


   Skills:
 * Level 3.6 Fighting
 * Level 2.3 Axes
 * Level 2.0 Dodging
 * Level 5.3 Stealth
 * Level 0.7 Spellcasting
 * Level 0.8 Evocations


You had 4 spell levels left.
You didn't know any spells.
Your spell library was empty.

Dungeon Overview and Level Annotations

Branches:
Dungeon (5/15)
 Temple: D:4-7

Altars:


Innate Abilities, Weirdness & Mutations

Your plain brown scales are hard. (AC +5)
You cannot fit into any form of body armour.
You are cold-blooded and may be slowed by cold attacks.


Message History

The phantom is almost destroyed.
The phantom closely misses you.
You closely miss the phantom.
Your tail-slap misses the phantom.
The phantom is almost destroyed.
The phantom barely misses you.
You miss the phantom.
The phantom is almost destroyed.
You closely miss the phantom.
You tail-slap the phantom, but do no damage.
The phantom is almost destroyed.
The phantom closely misses you.
You hit the phantom.
You tail-slap the phantom, but do no damage.
The phantom is almost destroyed.
The phantom hits you.
* * * LOW HITPOINT WARNING * * *
The phantom blinks!
You blink.
You hit the phantom.
You destroy the phantom!
Your Dodging skill increases to level 2!
Your Stealth skill increases to level 5!
You have reached level 2!
You have reached level 3!
Your experience leads to an increase in your attributes!
Increase (S)trength, (I)ntelligence, or (D)exterity?
You feel clever. x2; Your scales feel tougher.
You have reached level 4!
You feel stronger.
A hound comes into view.
The hound barks!
Found a hand axe.
You hit the hound.
The hound is lightly wounded.
The hound bites you.
* * * LOW HITPOINT WARNING * * *
You barely miss the hound.
You tail-slap the hound, but do no damage.
The hound is lightly wounded.
The hound bites you.
You die...

******,,,* *,...,,,,,,,,,,,*
**,,,,,,,,* **#.),,,,,,,,,,,**
,,,**,,,,,*##***,...,,,,*,,,,,#**
,****,*,,,*#..,,>..,,>******,..,,
,****,****##..###.#**** **...,,
,,,,,,* *.......#########..,,,,
,,,,,,*****,,#...##..........,,,,
,,,*,,,,**,,,*,#h##......##..,,,,
,,***,*,,,,,,*,#@........##.#####
,,***<,,,,,,,,,#.##....<.#..#####
,,,,***,,,,,,,...##......#.######
,,*,,,*,,,,,......#......#.######
,,,,,,,,*,.....##.#......#.######
,,,,,,,,*,....#,,..........######
,,,,,,,,*,....,,...........######
,<,,,,,,,,...,,,##.######..######
,,,,,,,,,,,,,,***#.######>.######


You could see a hound.

Vanquished Creatures
  A phantom (D:5)
1 creature vanquished.

Notes
Turn   | Place    | Note
-------+----------+-------------------------------------------
     0 | D:5      | RedEric7 the Draconian Delver began the quest for the Orb.
     0 | D:5      | Reached XP level 1. HP: 19/19 MP: 1/1
     2 | D:5      | Noticed a phantom
    39 | D:5      | Killed a phantom
    40 | D:5      | Reached skill level 5 in Stealth
    40 | D:5      | Reached XP level 2. HP: 2/27 MP: 1/3
    40 | D:5      | Reached XP level 3. HP: 3/33 MP: 1/4
    40 | D:5      | Reached XP level 4. HP: 4/40 MP: 1/5
    47 | D:5      | HP: 2/40 [hound (3)]
    48 | D:5      | Slain by a hound

Illustrated notes

Levels and vault maps discovered:
D:5:      layout_rooms, gup_sewer_entry_bubbles

Skill      XL: |  1 |
---------------+----+-----
Dodging        | 2 |  2.0
Stealth        | 5 |  5.3
Fighting       | |  3.6
Axes           | |  2.3
Spellcasting   | |  0.7
Evocations     | |  0.8

Action                     |  1- 3 |  4- 6 || total
---------------------------+-------+-------++-------
  Melee: Hand axe          |    28 |     2 ||    30
         Tailslap          |     4 |     1 ||     5
    Use: Scroll            |     1 |       ||     1
         Potion            |     1 |       ||     1
 Armour: Skin              |    12 |     2 ||    14
  Dodge: Dodged            |    13 |       ||    13
